 Dungeon Crawl Stone Soup version 0.29.1-1-gd02db6906a (webtiles) character file.

Game seed: 15240178293284179482

7844 hawla the Arsonist (level 11, 0/82 HPs)
             Began as a Meteoran Fire Elementalist on Oct 10, 2022.
             Was a Priest of Vehumet.
             Slain by an efreet
             ... wielding a +4 scimitar of flaming
              (14 damage)
             ... on level 10 of the Dungeon.
             The game lasted 00:22:50 (5668 turns).

hawla the Arsonist (Meteoran Fire Elementalist)     Turns: 5668, Time: 00:22:51

Health: 0/82       AC:  8    Str: 16    XL:     11   Next: 72%
Magic:  20/26      EV: 14    Int: 21    God:    Vehumet [***...]
Gold:   436        SH:  0    Dex: 15    Spells: 21/31 levels left

rFire   . . .      SeeInvis .   D - +0 lajatang
rCold   + . .      Faith    .   (shield currently unavailable)
rNeg    . . .      Spirit   .   a - +1 robe
rPois   +          Reflect  .   l - +1 helmet of the Grand God {rC+}
rElec   .          Harm     .   y - +0 cloak
rCorr   .          Rampage  .   J - +0 pair of gloves
Will    +....                   p - +0 pair of boots
Stlth   +.........              o - amulet of magic regeneration
HPRegen 0.23/turn               B - ring of wizardry
MPRegen 0.60/turn               u - +6 ring of strength

@: about to teleport, slowed, glowing, very slow
A: sense surroundings 2, otherworldly, glowing, explore regen, hooves 2, poison
resistance, MP-powered wands
a: Renounce Religion


You were on level 10 of the Dungeon.
You worshipped Vehumet.
Vehumet was most pleased with you.
You visited 2 branches of the dungeon, and saw 11 of its levels.

You collected 552 gold pieces.
You spent 116 gold pieces at shops.

Inventory:

Hand Weapons
 x - a +0 long sword
 D - a +0 lajatang (weapon)
Missiles
 L - a curare-tipped dart
Armour
 a - a +1 robe (worn)
 e - a +0 buckler
 l - the +1 helmet of the Grand God (worn) {rC+}
   (You found it on level 3 of the Dungeon)

   rC:        It protects you from cold.
 p - a +0 pair of boots (worn)
 y - a +0 cloak (worn)
 J - a +0 pair of gloves (worn)
Jewellery
 c - a ring of see invisible
 n - an amulet of regeneration
 o - an amulet of magic regeneration (around neck)
 q - an amulet of faith
 u - a +6 ring of strength (right hand)
 B - a ring of wizardry (left hand)
 K - a +6 ring of dexterity
Wands
 r - a wand of charming (5)
 C - a wand of mindburst (15)
 F - a wand of iceblast (3)
 G - a wand of flame (18)
Scrolls
 g - a scroll of enchant armour
 m - 4 scrolls of teleportation
 s - a scroll of identify
 t - a scroll of poison
 v - a scroll of enchant weapon
 w - 3 scrolls of amnesia
Potions
 b - a potion of magic
 d - a potion of brilliance
 f - 3 potions of haste
 h - 3 potions of flight
 i - 4 potions of curing
 j - a potion of resistance
 k - 3 potions of berserk rage
 z - a potion of might
 A - a potion of cancellation
 E - 2 potions of ambrosia


   Skills:
 + Level 3.4 Fighting
 + Level 2.4 Long Blades
 + Level 2.9 Staves
 + Level 5.2 Dodging
 - Level 1.5 Stealth
 + Level 1.0 Shields
 + Level 10.5 Spellcasting
 + Level 7.8 Conjurations
 + Level 7.0 Necromancy
 + Level 12.0 Fire Magic


You had 21 spell levels left.
You knew the following spells:

 Your Spells              Type           Power      Damage    Failure   Level
a - Foxfire               Conj/Fire      100%       2x1d9     1%          1
b - Scorch                Fire           100%       2d10      1%          2
c - Flame Wave            Conj/Fire      51%        2d13      1%          4
d - Vampiric Draining     Necr           40%        2d8       1%          3

Your spell library contained the following spells:

 Spells                   Type           Power      Damage    Failure   Level
 Frozen Ramparts          Ice            22%        1d4       2%          3
 Necrotise                Necr           100%       1d9       1%          1
 Conjure Flame            Conj/Fire      51%        6-21      1%          3
 Dazzling Flash           Conj/Hex       54%        N/A       1%          3
 Inner Flame              Hex/Fire       36%        N/A       1%          3
 Dispel Undead            Necr           40%        3d16      1%          4
 Agony                    Necr           40%        N/A       4%          5
 Call Canine Familiar     Summ           11%        N/A       8%          3
 Portal Projectile        Hex/Tloc       22%        N/A       8%          3
 Corpse Rot               Necr/Pois/Air  20%        N/A       10%         4
 Death Channel            Necr           20%        N/A       21%         6
 Leda's Liquefaction      Hex/Erth       5%         N/A       24%         4
 Silence                  Hex/Air        5%         N/A       52%         5
 Borgnjor's Revivificati  Necr           20%        N/A       100%        8
 Necromutation            Tmut/Necr      12%        N/A       100%        8
 Death's Door             Necr           20%        N/A       100%        9


Dungeon Overview and Level Annotations

Branches:
Dungeon (10/15) Zot: 371   Temple (1/1) D:5 Zot: 532     Orc (0/2) D:9
   Lair: D:8-11

Altars:
Ashenzari
Cheibriados
Dithmenos
Fedhas
Gozag
Hepliaklqana
Makhleb
Nemelex Xobeh
Okawaru
Qazlal
Ru
Trog
Uskayaw
Vehumet
Wu Jian
Xom
Yredelemnul
Zin
The Shining One

Shops:
D:4 [   D:8 [   D:9 :

Annotations:
D:10 4 runed translucent doors


Innate Abilities, Weirdness & Mutations

You passively map the area around you.
You are easily found by Zot.
You glow in the dark.
You regain HP and MP as you explore.
You have hoof-like feet.
Your system is resistant to poisons. (rPois)
You expend magic power (3 MP) to strengthen your wands.


Message History

The troll leather armour is intact enough to wear.
A wraith comes into view.
You hit the wraith but do no damage. The wraith hits you.
The wraith drains your vigour!
You feel yourself slow down. The wraith closely misses you.
You barely miss the wraith. The wraith barely misses you.
You slash the wraith!
The wraith is heavily damaged.
The wraith closely misses you. The wraith hits you but does no damage.
You closely miss the wraith.
The wraith is heavily damaged.
The wraith hits you. x2; The wraith drains your vigour!
You feel as though you will be slow longer.
You are too injured to fight recklessly!
You are too injured to fight recklessly!
You are too injured to fight recklessly!
Casting: Scorch (safe; 1% risk of failure)
Confirm with . or Enter, or press ? or * to list all spells.
Flames lash the wraith.
The wraith is heavily damaged.
The wraith's fire resistance burns away.
The wraith closely misses you. The wraith hits you but does no damage.
Casting: Scorch (safe; 1% risk of failure)
Confirm with . or Enter, or press ? or * to list all spells.
Flames lash the wraith.
The wraith is burned terribly!
The wraith is almost destroyed.
The wraith closely misses you.
Casting: Scorch (safe; 1% risk of failure)
Confirm with . or Enter, or press ? or * to list all spells.
Flames lash the wraith.
The wraith is burned terribly!
You destroy the wraith!
Vehumet accepts your kill.
An efreet comes into view.
It is wielding a +4 scimitar of flaming.
The efreet gestures at you. The bolt of fire hits you!!
* * * LOW HITPOINT WARNING * * *
As you read the scroll of teleportation, it crumbles to dust.
You feel strangely unstable.
The efreet hits you with a +4 scimitar of flaming!
You die...

........#8....8#...........####.#
........+......+...###..#.......#
....^...+H.....+..## ####.......#
........#8....8#..# #...##...
........##8[)8##..### #...##...
.........######.....#####...##...
.....###+# #'###.....>........
....## ,, ****#.#R##.............
....# * * ,##@# #.............
###)# ** , ### #...#######... #.#
, , * * #...# #... #.# ** * ,
#...# #... #.## , ####
##...#######...
#..######..######..............
##.............................
###....###...###...#########..
######....###...###...# #..


You could see an efreet.

Vanquished Creatures
  A two-headed ogre (D:10)
  Joseph (D:10)
  Maurice (D:10)
  Maggie (D:7)
  2 trolls (D:10)
  A wraith (D:10)
  A shadow (D:9)
  A wyvern (D:9)
  13 yaks
  A steam dragon (D:8)
  2 ice beasts
  3 black bears
  A sky beast (D:6)
  3 ogres
  A centaur (D:10)
  3 phantoms (D:9)
  A kobold brigand (D:9)
  3 bullfrogs
  A gnoll sergeant (D:9)
  A necrophage (D:7)
  3 scorpions
  8 wights (D:7)
  14 killer bees
  A howler monkey (D:8)
  2 hounds
  A jelly (D:6)
  4 orc priests
  3 iguanas
  4 orc wizards
  8 ogre zombies (D:9)
  3 gnolls (D:9)
  2 adders
  2 shadow imps (D:7)
  A white imp (D:6)
  2 ufetubi
  2 worms
  A dart slug (D:2)
  20 orcs
  5 ball pythons
  5 bats
  9 endoplasms
  A giant cockroach (D:1)
  3 hobgoblins
  5 jackals
  3 quokkas
  A frilled lizard (D:1)
  8 goblins
  2 goblin skeletons (D:9)
  2 goblin zombies (D:9)
  A hobgoblin skeleton (D:9)
  6 hobgoblin zombies (D:9)
  17 kobolds
  3 orc skeletons (D:9)
  11 orc zombies (D:9)
  7 rats
212 creatures vanquished.

Vanquished Creatures (others)
  250 foxfires
250 creatures vanquished.

Grand Total: 462 creatures vanquished

Notes
Turn   | Place    | Note
-------+----------+-------------------------------------------
     0 | D:1      | hawla the Meteoran Fire Elementalist began the quest for
                  | the Orb.
     0 | D:1      | Reached XP level 1. HP: 14/14 MP: 5/5
    56 | D:1      | Reached XP level 2. HP: 20/20 MP: 3/6
    66 | D:1      | Reached skill level 4 in Fire Magic
   160 | D:1      | Reached XP level 3. HP: 26/26 MP: 4/8
   500 | D:1      | Glimpsed the power of Zot.
   683 | D:2      | Learned a level 2 spell: Scorch
  1052 | D:2      | Reached XP level 4. HP: 33/33 MP: 5/10
  1100 | D:2      | Glimpsed the power of Zot.
  1209 | D:3      | Found an ornate altar of the Wu Jian Council.
  1233 | D:3      | Identified the +1 helmet of the Grand God {rC+}
  1446 | D:3      | Found a faded altar of an unknown god.
  1548 | D:4      | Noticed a scorpion
  1553 | D:4      | Killed a scorpion
  1554 | D:4      | Reached skill level 5 in Fire Magic
  1554 | D:4      | Reached XP level 5. HP: 33/38 MP: 3/12
  1559 | D:4      | Learned a level 4 spell: Flame Wave
  1576 | D:4      | Found Raofuakh's Armour Boutique.
  1587 | D:4      | Bought a +0 buckler for 58 gold pieces
  1587 | D:4      | Bought a +0 pair of boots for 58 gold pieces
  1848 | D:4      | Found a burning altar of Makhleb.
  1918 | D:4      | Noticed an ogre
  1921 | D:4      | Killed an ogre
  1922 | D:4      | Reached skill level 6 in Fire Magic
  1922 | D:4      | Reached XP level 6. HP: 45/45 MP: 6/13
  2098 | D:5      | Entered Level 5 of the Dungeon
  2143 | D:5      | Reached XP level 7. HP: 47/50 MP: 7/14
  2201 | D:5      | Found a staircase to the Ecumenical Temple.
  2219 | Temple   | Entered the Ecumenical Temple
  2269 | Temple   | Became a worshipper of Vehumet
  2300 | D:5      | Reached skill level 7 in Fire Magic
  2718 | D:6      | Reached skill level 8 in Fire Magic
  2718 | D:6      | Reached XP level 8. HP: 57/57 MP: 12/15
  2865 | D:6      | Reached skill level 1 in Long Blades
  2866 | D:6      | Reached skill level 5 in Spellcasting
  2867 | D:6      | Reached skill level 5 in Conjurations
  3058 | D:6      | Reached skill level 9 in Fire Magic
  3062 | D:6      | Gained mutation: You passively map the area around you.
                  | [Meteoran growth]
  3062 | D:6      | Reached XP level 9. HP: 57/63 MP: 10/18
  3463 | D:6      | Found a basalt altar of Yredelemnul.
  3562 | D:6      | Glimpsed the power of Zot.
  3598 | D:7      | Noticed Maggie
  3604 | D:7      | Killed Maggie
  3605 | D:7      | Reached skill level 1 in Fighting
  3605 | D:7      | Reached skill level 1 in Shields
  3609 | D:7      | Learned a level 3 spell: Vampiric Draining
  3789 | D:7      | Reached * piety under Vehumet
  3789 | D:7      | Offered knowledge of Shock by Vehumet.
  3803 | D:7      | Reached skill level 5 in Necromancy
  3819 | D:7      | Found a hide-covered altar of Uskayaw.
  4156 | D:7      | Reached XP level 10. HP: 71/71 MP: 14/20
  4156 | D:7      | Glimpsed the power of Zot.
  4202 | D:8      | Gained mutation: You are clumsy. (Dex -2) [potion of
                  | mutation]
  4202 | D:8      | Gained mutation: You are partially covered in large bone
                  | plates. (SH +4) [potion of mutation]
  4202 | D:8      | Gained mutation: Your system is resistant to poisons.
                  | (rPois) [potion of mutation]
  4202 | D:8      | Gained mutation: You have large cloven feet. [potion of
                  | mutation]
  4203 | D:8      | Lost mutation: You are clumsy. (Dex -2) [potion of
                  | mutation]
  4203 | D:8      | Lost mutation: You are partially covered in large bone
                  | plates. (SH +4) [potion of mutation]
  4203 | D:8      | Gained mutation: You expend magic power (3 MP) to
                  | strengthen your wands. [potion of mutation]
  4203 | D:8      | Gained mutation: You have hoof-like feet. [potion of
                  | mutation]
  4213 | D:8      | Found an opulent altar of Gozag.
  4359 | D:8      | Reached skill level 10 in Fire Magic
  4454 | D:8      | Reached ** piety under Vehumet
  4454 | D:8      | Offered knowledge of Freeze by Vehumet.
  4508 | D:8      | Found Wenipij's Antique Armour Shoppe.
  4570 | D:8      | You fall into a shaft and drop 1 floor!
  4579 | D:9      | Found a bloodstained altar of Trog.
  4641 | D:9      | Reached skill level 1 in Staves
  4641 | D:9      | Reached skill level 11 in Fire Magic
  4739 | D:9      | Found a staircase to the Orcish Mines.
  4745 | D:9      | Reached XP level 11. HP: 81/81 MP: 17/24
  4749 | D:9      | Offered knowledge of Ignite Poison by Vehumet.
  4752 | D:9      | Reached *** piety under Vehumet
  4809 | D:9      | Found Iseduo Zanu's Book Shoppe.
  4985 | D:9      | Found a stormy altar of Qazlal.
  5033 | D:9      | Offered knowledge of Frozen Ramparts by Vehumet.
  5050 | D:9      | Found a snail-covered altar of Cheibriados.
  5168 | D:9      | Found an iron altar of Okawaru.
  5317 | D:10     | Entered Level 10 of the Dungeon
  5355 | D:10     | Noticed Maurice
  5364 | D:10     | Killed Maurice
  5366 | D:10     | Reached skill level 5 in Dodging
  5449 | D:10     | Found a glowing golden altar of the Shining One.
  5449 | D:10     | Found a shimmering altar of Xom.
  5480 | D:10     | Noticed a two-headed ogre
  5489 | D:10     | Killed a two-headed ogre
  5490 | D:10     | Reached skill level 10 in Spellcasting
  5560 | D:10     | Found a large runed translucent door.
  5560 | D:10     | Found a large runed translucent door.
  5564 | D:10     | Noticed a manticore
  5566 | D:10     | Noticed a death knight
  5572 | D:10     | Found a large runed translucent door.
  5572 | D:10     | Found a large runed translucent door.
  5595 | D:10     | Noticed Joseph
  5608 | D:10     | Killed Joseph
  5609 | D:10     | Reached skill level 12 in Fire Magic
  5668 | D:10     | Slain by an efreet

Illustrated notes

Levels and vault maps discovered:
D:1:      wheals_arrival_shading, layout_loops_ring
D:2:      layout_basic, kennysheep_generic_room_4
D:3:      layout_rooms, mainiacjoe_overflow_tiny_flanked,
          ebering_ecumenical_altar_hall, amcnicky_mini_pool_small,
          minmay_misc_feat_hallway
D:4:      nicolae_cairo_tiling_very_big, layout_rooms,
          mainiacjoe_overflow_surrounded_room, minmay_shop_grid_forest,
          grunt_ministairs_15, minmay_misc_feat_room
D:5:      layout_basic, minmay_temple_entry_statues
D:6:      layout_layer_cave, general_overflow_altar,
          hangedman_abyss_or_decor_stagger
D:7:      layout_basic, eat_drink_and_be_merry_uskayaw, uniq_maggie
D:8:      layout_basic, mainiacjoe_overflow_concentric_impassable, serial_shops,
          shop_fountains
D:9:      layout_long_grid, lemuel_doored_altar, kennysheep_mini_moat,
          mainiacjoe_overflow_swirl, zombieorc2_lemuel, serial_shops,
          nicolae_stop_n_shop_2
D:10:     layout_small_grid, nicolae_sif_muna_little_library, minitemple,
          gammafunk_temple_overflow_wave, chequers_serial_rivers_micro_c,
          minmay_hollow_rounded_squares, uniq_joseph, uniq_maurice
Temple:   nicolae_temple_ecumenical_triangle

Skill      XL: |  1  2  3  4  5  6  7  8  9 10 11 |
---------------+----------------------------------+-----
Spellcasting   | 3 4 5 6 8 10 | 10.5
Fire Magic     | 4 5 6 8 9 11 12 | 12.0
Conjurations   | 2 3 4 5 6 7 |  7.8
Long Blades    | 1 2 |  2.4
Dodging        | 3 4 5 |  5.2
Fighting       | 1 2 3 |  3.4
Shields        | 1 |  1.0
Necromancy     | 6 7 |  7.0
Staves         | 1 2 |  2.9
Stealth        | |  1.5

Action                   |  1- 3 |  4- 6 |  7- 9 | 10-12 || total
-------------------------+-------+-------+-------+-------++-------
Melee: Unarmed           |     7 |     2 |       |       ||     9
       Long sword        |       |     7 |    18 |       ||    25
       Lajatang          |       |       |     9 |    22 ||    31
 Cast: Foxfire           |    45 |    38 |    32 |    31 ||   146
       Scorch            |     3 |    19 |    25 |    24 ||    71
       Flame Wave        |       |       |     7 |    23 ||    30
       Vampiric Draining |       |       |       |    17 ||    17
  Use: Scroll            |     3 |     9 |     4 |    14 ||    30
       Potion            |       |       |       |     5 ||     5
Armor: Robe              |     5 |     9 |    17 |    32 ||    63
Dodge: Dodged            |    17 |    15 |    34 |    86 ||   152
Block: Buckler           |       |     5 |     6 |       ||    11
